 Dungeon Crawl Stone Soup version 0.21-a0-440-g28109cb (webtiles) character file.

988 tof the Slasher (level 7, 0/52 (55) HPs)
             Began as a Demonspawn Berserker on Nov 10, 2017.
             Was a Priest of Trog.
             Slain by a black bear (3 damage)
             ... on level 5 of the Dungeon.
             The game lasted 00:12:56 (5959 turns).

tof the Slasher (Demonspawn Berserker)              Turns: 5959, Time: 00:12:57

HP:   0/52 (55)     AC:  5    Str: 24    XL:     7   Next: 97%
MP:   7/7           EV: 11    Int:  8    God:    Trog [***...]
Gold: 209           SH:  9    Dex: 14    Spells: 6/6 levels left

rFire    . . .     SeeInvis .   j - +1 hand axe (venom)
rCold    . . .     Gourm    +   e - +0 shield
rNeg     . . .     Faith    .   L - +0 leather armour (curse)
rPois    +         Spirit   .   (helmet restricted)
rElec    .         Reflect  .   (no cloak)
rCorr    .         Harm     .   (no gloves)
MR       .....                  (no boots)
Stlth    ++........             K - amulet of the gourmand
HPRegen  0.17/turn              d - +6 ring of strength
MPRegen  0.10/turn              F - ring of poison resistance

@: no status effects
A: antennae 1, yellow scales 1, nightstalker 1, powered by pain 1
a: Berserk, Trog's Hand, Burn Spellbooks, Renounce Religion


You were on level 5 of the Dungeon.
You worshipped Trog.
Trog was most pleased with you.
You were very full.

You visited 1 branch of the dungeon, and saw 6 of its levels.

You collected 317 gold pieces.
You spent 108 gold pieces at shops.

Inventory:

Hand Weapons
 a - a +0 falchion
 j - a +1 hand axe of venom (weapon)
 w - a +0 long sword
Missiles
 C - 6 needles of frenzy
 G - 16 poisoned needles
Armour
 e - a +0 shield (worn)
 i - a +0 cloak
 L - a cursed +0 leather armour (worn)
Jewellery
 d - a +6 ring of strength (left hand)
 n - an uncursed ring of flight
 F - a ring of poison resistance (right hand)
 K - an amulet of the gourmand (around neck)
Wands
 b - a wand of polymorph (8/24)
 r - a wand of flame (34/48)
 D - a wand of enslavement (13/24)
 H - a wand of iceblast (6/15)
Scrolls
 f - 2 scrolls of fog {unknown}
 h - 3 scrolls of remove curse
 l - 5 scrolls of magic mapping
 m - a scroll of enchant weapon
 s - a scroll of enchant armour
 x - 2 scrolls of teleportation
 E - 2 scrolls of recharging
Potions
 g - a potion of cancellation {unknown}
 k - a potion of agility {unknown}
 o - a potion of haste {unknown}
 p - 2 potions of degeneration {unknown}
 q - 2 potions of curing {unknown}
 u - 3 potions of heal wounds {unknown}
 v - a potion of ambrosia {unknown}
 A - a potion of magic {unknown}
 I - a potion of flight {unknown}
Comestibles
 c - 4 bread rations
 t - 2 royal jellies
 z - a meat ration
 B - 2 fruits


   Skills:
 + Level 4.8 Fighting
 * Level 5.6 Long Blades
 + Level 3.8 Armour
 + Level 3.7 Dodging
 + Level 2.8 Shields


You had 6 spell levels left.
You didn't know any spells.

Dungeon Overview and Level Annotations

Branches:
Dungeon (6/15)
 Temple: D:4-7

Altars:
Ashenzari
Trog
Xom

Shops:
D:5 %:(*


Innate Abilities, Weirdness & Mutations

You have a pair of small antennae on your head.
You are partially covered in yellow scales. (AC +2)
You are slightly more attuned to the shadows.
You sometimes gain a little power by taking damage.


Message History

The black bear is heavily wounded.
The black bear completely misses you. You block the black bear's attack.
The black bear barely misses you.
The black bear goes berserk!
The black bear barely misses you. x3
You block the black bear's attack. The black bear claws you.
* * * LOW HITPOINT WARNING * * *
You block the black bear's attack. You block the black bear's attack.
The black bear closely misses you. You block the black bear's attack.
You block the black bear's attack. The black bear misses you.
The black bear barely misses you.
You block the black bear's attack. x2; The black bear claws you.
* * * LOW HITPOINT WARNING * * *
The black bear looks more healthy.
The black bear closely misses you. You block the black bear's attack.
The black bear closely misses you. The black bear closely misses you.
The black bear claws you.
* * * LOW HITPOINT WARNING * * *
The black bear claws you.
You die...

#........# #>.....##....#
#######.....##.###......##.#..#
................##......##.#.##
................##.........#.#
.....>..###.#.#.#####.###..#.#
.........##...#..# ##......#.#
.......#......##.# #...#.....#
.......#......##h###.........#
.......#.###....@....).#.....#
..#.###..# ##.#........#####.#
#...###.## #.####........##.#
##......# #.# #.##.......(###
#...#### #.####.##.###......#
#...########.........# ###....#
#....................## ##.###
##..########.......#...### #.#
#...# #...#..####.<...###.#


You could see a black bear (berserk).

Vanquished Creatures
  A phantom (D:5)
  An ogre (D:5)
  A necrophage (D:5)
  The ghost of p0werm0de the Chopper, an amateur GrCK of Xom (D:4)
  A bullfrog (D:6)
  2 crimson imps (D:5)
  3 bullfrog skeletons
  A jelly (D:4)
  An orc priest (D:5)
  An orc wizard (D:5)
  A centaur skeleton (D:2)
  Ijyb (D:3)
  2 iguanas
  3 worker ants
  A howler monkey skeleton (D:4)
  6 adders
  2 oozes
  An adder zombie (D:5)
  An adder skeleton (D:4)
  3 worms
  3 leopard geckos
  An orc (D:5)
  6 giant cockroaches
  15 goblins
  12 hobgoblins
  2 ball pythons
  6 bats
  4 frilled lizards
  A jackal skeleton (D:4)
  7 kobolds
  A quokka skeleton (D:4)
  6 rats
98 creatures vanquished.

Notes
Turn   | Place    | Note
-------+----------+-------------------------------------------
     0 | D:1      | tof the Demonspawn Berserker began the quest for the Orb.
     0 | D:1      | Reached XP level 1. HP: 18/18 MP: 1/1
   260 | D:1      | Reached skill level 3 in Long Blades
   260 | D:1      | Gained mutation: You are partially covered in yellow scales. (AC +2) [demonic ancestry]
   260 | D:1      | Reached XP level 2. HP: 11/24 MP: 2/2
  1053 | D:1      | Gained mutation: You sometimes gain a little power by taking damage. [demonic ancestry]
  1053 | D:1      | Reached XP level 3. HP: 26/29 MP: 3/3
  1484 | D:2      | Reached ** piety under Trog
  1855 | D:2      | Gained mutation: You are slightly more attuned to the shadows. [demonic ancestry]
  1855 | D:2      | Reached XP level 4. HP: 29/35 MP: 4/4
  1930 | D:2      | Found a shattered altar of Ashenzari.
  1987 | D:2      | Found a shattered altar of Ashenzari.
  2383 | D:3      | Noticed Ijyb
  2391 | D:3      | Killed Ijyb
  2391 | D:3      | Reached skill level 1 in Shields
  2510 | D:3      | Found a shimmering altar of Xom.
  2510 | D:3      | Found a shimmering altar of Xom.
  2510 | D:3      | Found a shimmering altar of Xom.
  2517 | D:3      | You fall through a shaft for 3 floors!
  2524 | D:5      | Entered Level 5 of the Dungeon
  2538 | D:5      | Noticed a phantom
  2568 | D:5      | Reached XP level 5. HP: 20/41 MP: 5/5
  2584 | D:5      | Killed a phantom
  2584 | D:5      | Reached skill level 4 in Long Blades
  2877 | D:4      | Gained mutation: You have a pair of small antennae on your head. [demonic ancestry]
  2877 | D:4      | Reached XP level 6. HP: 41/48 MP: 6/6
  3503 | D:3      | You fall through a shaft!
  4601 | D:4      | Noticed p0werm0de's ghost (amateur GrCK)
  4606 | D:4      | Killed p0werm0de's ghost
  4606 | D:4      | Reached XP level 7. HP: 54/54 MP: 7/7
  4755 | D:5      | Found Yzilaeg's Assorted Antiques.
  4767 | D:5      | Bought a scroll of identify for 54 gold pieces
  4767 | D:5      | Bought a scroll of identify for 54 gold pieces
  4873 | D:5      | Found Cikosul's Book Shop.
  4892 | D:5      | Reached *** piety under Trog
  4892 | D:5      | Reached skill level 5 in Long Blades
  5229 | D:5      | Found Sehir's Weapon Shoppe.
  5517 | D:5      | Found Sokuceup's Food Shoppe.
  5903 | D:6      | Found a bloodstained altar of Trog.
  5959 | D:5      | Slain by a black bear

Vault maps used:
D:1:      dpeg_arrival_rooms_b, minmay_small_reverse_x
D:2:      lemuel_crystal_altar, first_bread, lemuel_tele_altar
D:3:      minmay_door_path, xom_redecorated, uniq_ijyb
D:4:      cheibrodos_greedy_goblins
D:5:      serial_shops, nicolae_shop_waterfront, nicolae_shop_trees, shop, shop
D:6:      trog_ov_bears_minmay, grunt_temple_overflow_open,
          minmay_temple_entry_butterflies, basic_altar, roderic_malta_cross,
          minmay_ruffians

Skill      XL: |  1  2  3  4  5  6  7 |
---------------+----------------------+-----
Long Blades    | 3 4 5 |  5.6
Armour         | 2 3 |  3.8
Dodging        | 2 3 |  3.7
Shields        | 1 2 |  2.8
Fighting       | 4 |  4.8

Action                   |  1- 3 |  4- 6 |  7- 9 || total
-------------------------+-------+-------+-------++-------
Melee: Falchion          |    52 |       |       ||    52
       Hand axe          |    46 |   141 |    84 ||   271
Invok: Berserk           |       |     2 |       ||     2
       Trog's Hand       |       |     1 |       ||     1
  Use: Scroll            |       |       |     8 ||     8
 Stab: Sleeping          |     2 |     5 |     1 ||     8
  Eat: Chunk             |     3 |    21 |     5 ||    29
Armor: Animal skin       |    25 |       |       ||    25
       Ring mail         |    15 |    46 |       ||    61
       Leather armour    |       |     6 |    17 ||    23
Dodge: Dodged            |    59 |    83 |    50 ||   192
Block: Buckler           |    13 |    22 |     1 ||    36
       Shield            |       |       |    54 ||    54
       Rpst.: Falchion   |    10 |       |       ||    10

Table legend:
 A = Spawn XP
 B = Non-spawn XP
 C = Spawn XP percentage of total XP
 D = Spawn monster count
 E = Non-spawn monster count
 F = Spawn count percentage of total count
 G = Total turns spent on level
                    A         B        C        D         E        F      G
               +---------+---------+-------+---------+---------+-------+---------
         Total |       0 |    1412 |   0.0 |       0 |      98 |   0.0 |  5959
               +---------+---------+-------+---------+---------+-------+---------
           D:1 |       0 |      45 |   0.0 |       0 |      25 |   0.0 |  1379
           D:2 |       0 |      86 |   0.0 |       0 |      14 |   0.0 |   995
           D:3 |       0 |      84 |   0.0 |       0 |      14 |   0.0 |   666
           D:4 |       0 |     398 |   0.0 |       0 |      27 |   0.0 |  1423
           D:5 |       0 |     702 |   0.0 |       0 |      17 |   0.0 |  1460
           D:6 |       0 |      97 |   0.0 |       0 |       1 |   0.0 |    36
               +---------+---------+-------+---------+---------+-------+---------
